 Dungeon Crawl Stone Soup version 0.21-a0-221-gfe971b9 (webtiles) character file.

7191 JackS81 the Tainter (level 11, -3/72 HPs)
             Began as a Naga Venom Mage on Aug 25, 2017.
             Was a Priest of Hepliaklqana.
             Slain by an orc warrior
             ... wielding a +0 glaive
              (22 damage)
             ... on level 1 of the Orcish Mines on Aug 26, 2017.
             The game lasted 01:51:04 (9189 turns).

JackS81 the Tainter (Naga Venom Mage)               Turns: 9189, Time: 01:51:04

Health: -3/72      AC: 13    Str: 10    XL:     11   Next: 11%
Magic:  1/37       EV:  9    Int: 20    God:    Hepliaklqana [***...]
Gold:   315        SH:  0    Dex: 11    Spells: 15/25 levels left

rFire    + + +     SeeInvis +   x - staff of power
rCold    x x x     Gourm    +   (no shield)
rNeg     . . .     Faith    .   n - +2 leather armour {MR+}
rPois    +         Spirit   .   O - +2 helmet
rElec    .         Reflect  .   w - scarf {repulsion}
rCorr    .         Harm     .   y - +2 pair of gloves
MR       ++++.                  (no barding)
Stlth    ++........             Q - amulet of the Genius {Gourm rF++ rC- MR++}
HPRegen  0.22/turn              t - ring of fire
MPRegen  0.25/turn              M - ring of fire

@: repel missiles, very slow
A: reduced essence, see invisible, deformed body, poison resistance, slowness 2,
slow metabolism 1, spit poison 1, AC +3
a: Spit Poison, Recall Ancestor, Ancestor Identity, Transference, Renounce
Religion


You were on level 1 of the Orcish Mines.
You worshipped Hepliaklqana.
Hepliaklqana was most pleased with you.
You were very full.

You visited 3 branches of the dungeon, and saw 11 of its levels.

You collected 562 gold pieces.
You spent 247 gold pieces at shops.

Inventory:

Hand Weapons
 h - a +5 war axe
 z - a +0 blowgun
 E - a +2 morningstar of freezing
 G - a +4 hand axe
 U - a +2 short sword of electrocution
Missiles
 d - 239 stones (quivered)
 j - 71 bolts
 u - 19 poisoned needles
 I - 4 poisoned tomahawks
Armour
 f - a +0 troll leather armour
 n - a +2 leather armour of magic resistance (worn)
 w - a scarf of repulsion (worn)
 y - a +2 pair of gloves (worn)
 O - a +2 helmet (worn)
Magical Staves
 x - an uncursed staff of power (weapon)
 H - an uncursed staff of summoning
Jewellery
 o - an uncursed amulet of harm
 t - a ring of fire (left hand)
 M - a ring of fire (right hand)
 Q - the amulet of the Genius (around neck) {Gourm rF++ rC- MR++}
   (You found it on level 8 of the Dungeon)

   [amulet of the gourmand]

   It allows you to eat raw meat even when not hungry.
   It greatly protects you from fire.
   It makes you vulnerable to cold.
   It affects your resistance to hostile enchantments.
Wands
 a - a wand of random effects (22/48)
 F - a wand of digging (3/24)
 K - a wand of acid (3/15)
 L - a wand of flame (26/48)
 N - a wand of lightning (8/15)
 P - a wand of polymorph (14/24)
 S - a wand of confusion (22/48)
 V - a wand of iceblast (8/15)
 X - a wand of paralysis (11/24)
Scrolls
 e - a scroll of torment
 g - 7 scrolls of remove curse
 r - 2 scrolls of blinking
 s - a scroll of magic mapping
 v - 3 scrolls of fog
 C - 2 scrolls of amnesia
 D - a scroll of teleportation
 Z - a scroll of enchant weapon
Potions
 m - 3 potions of flight
 p - 2 potions of curing
 B - 2 potions of resistance
 R - a potion of might
Books
 b - a Young Poisoner's Handbook

   Spells                             Type                      Level
   a - Sting                          Conjuration/Poison           1
   b - Poisonous Vapours              Poison/Air                   2
   c - Mephitic Cloud                 Conjuration/Poison/Air       3
   d - Olgreb's Toxic Radiance        Poison                       4
   e - Venom Bolt                     Conjuration/Poison           5
 J - a book of Callings

   Spells                             Type                      Level
   a - Summon Small Mammal            Summoning                    1
   b - Call Imp                       Summoning                    2
   c - Call Canine Familiar           Summoning                    3
   d - Summon Guardian Golem          Hexes/Summoning              3
   e - Summon Lightning Spire         Summoning/Air                4
   f - Summon Ice Beast               Ice/Summoning                4
 T - a book of Battle

   Spells                             Type                      Level
   a - Infusion                       Charms                       1
   b - Shroud of Golubria             Charms/Translocation         2
   c - Song of Slaying                Charms                       2
   d - Spectral Weapon                Hexes/Charms                 3
   e - Regeneration                   Charms/Necromancy            3
 Y - a book of Changes

   Spells                             Type                      Level
   a - Beastly Appendage              Transmutation                1
   b - Sticks to Snakes               Transmutation                2
   c - Spider Form                    Transmutation/Poison         3
   d - Ice Form                       Ice/Transmutation            4
   e - Blade Hands                    Transmutation                5
Comestibles
 c - 7 bread rations
 i - 8 chunks of flesh
 k - 5 meat rations
 q - 4 royal jellies
 W - a fruit


   Skills:
 - Level 0.2 Maces & Flails
 - Level 0.2 Staves
 * Level 2.9 Armour
 - Level 1.5 Dodging
 - Level 3.0 Stealth
 + Level 7.8 Spellcasting
 * Level 9.5 Conjurations
 - Level 0.2 Charms
 * Level 3.8 Translocations
 - Level 2.0 Air Magic
 - Level 9.7 Poison Magic
 * Level 5.9 Invocations
 - Level 2.9 Evocations


You had 15 spell levels left.
You knew the following spells:

 Your Spells              Type           Power        Failure   Level  Hunger
a - Sting                 Conj/Pois      ####         1%          1    None
b - Mephitic Cloud        Conj/Pois/Air  #####...     1%          3    None
c - Olgreb's Toxic Radia  Pois           #####...     1%          4    ###....
d - Shroud of Golubria    Chrm/Tloc      ###.......   8%          2    None


Dungeon Overview and Level Annotations

Branches:
Dungeon (9/15)             Temple (1/1) D:5            Lair (0/6) D:8
    Orc (1/2) D:9

Altars:
Ashenzari
Cheibriados
Dithmenos
Elyvilon
Fedhas
Gozag
Hepliaklqana
Kikubaaqudgha
Makhleb
Nemelex Xobeh
Okawaru
Qazlal
Ru
Sif Muna
Trog
Uskayaw
Vehumet
Wu Jian
Xom
Yredelemnul
Zin
The Shining One

Shops:
D:5 (   D:7 [   D:9 }?

Annotations:
D:4 smzp's ghost, amateur DsAK


Innate Abilities, Weirdness & Mutations

You cannot wear boots.
Your serpentine skin is tough. (AC +3)
You have supernaturally acute eyesight. (SInv)
Armour fits poorly on your strangely shaped body.
Your system is resistant to poisons. (rPois)
You cover ground very slowly.
You have a slow metabolism.
You can spit poison.
Your life essence is reduced to manifest your ancestor. (-10% HP)


Message History

Bozena is destroyed!
The orc warrior shouts!
Casting: Mephitic Cloud
Confirm with . or Enter, or press ? or * to list all spells.
Aiming: Sting
Press: ? - help, Shift-Dir - straight line, f - orc warrior
Aim: an orc warrior, wielding a glaive and wearing a plate armour (heavily wounded, unusually strong, poisoned)
The sting hits the orc warrior.
The orc warrior appears unharmed.
The orc warrior is heavily wounded.
Casting: Sting
Confirm with . or Enter, or press ? or * to list all spells.
Aiming: Sting
Press: ? - help, Shift-Dir - straight line, f/p - orc warrior
Aim: an orc warrior, wielding a glaive and wearing a plate armour (severely wounded, unusually strong, poisoned)
The sting hits the orc warrior.
The orc warrior is severely wounded.
The orc warrior hits you from afar with a glaive!!
* * * LOW HITPOINT WARNING * * *
The orc warrior hits you from afar with a glaive!!
You die...

.)#######).
#.........#.
.))....).
##.......#### .
.)...).. ##..#.#.###
..###8.))8###....####
.......).........#
........)..).....#
#..o.....#.##
##.........##
#.(..@.....##
##..........#
###.......##
#.........#
##....##.## #...#####
##....# #....##
##.###


You could see an orc warrior.

Vanquished Creatures
  2 trolls
  A hornet (D:7)
  Prince Ribbit (D:6)
  Sigmund (D:2)
  3 yaks (D:8)
  2 humans (D:8)
  A porcupine (D:8)
  An ice beast (D:6)
  10 orc warriors
  4 ogres
  A phantom (D:6)
  4 centaurs
  6 bullfrogs
  A big kobold (D:9)
  A gnoll sergeant (D:7)
  2 scorpions (D:4)
  7 killer bees (D:7)
  A water moccasin skeleton (D:4)
  8 wights (D:7)
  2 howler monkeys (D:7)
  A bullfrog zombie (D:9)
  A crimson imp (D:7)
  5 hounds
  3 orc priests
  A bullfrog skeleton (D:7)
  4 orc wizards
  A centaur skeleton (D:5)
  Jessica (D:2)
  An iguana (D:6)
  4 worker ants
  A hexer (D:7)
  5 gnolls (D:7)
  6 adders
  3 shadow imps
  An ooze (D:2)
  2 worms (D:2)
  2 dart slugs (D:1)
  4 leopard geckos
  38 orcs
  5 giant cockroaches
  6 goblins
  5 hobgoblins
  2 jackals (D:5)
  2 quokkas
  4 ball pythons
  8 bats
  5 frilled lizards
  11 kobolds
  6 rats
197 creatures vanquished.

Vanquished Creatures (collateral kills)
  A warg (Orc:1)
  3 orc warriors
  2 ice beasts
  An ogre (D:7)
  2 scorpions
  A wight (D:8)
  2 howler monkeys
  A crimson imp (D:5)
  A centaur zombie (D:6)
  A quasit (D:7)
  A hound (D:4)
  3 jellies
  Terence (D:3)
  2 bullfrog skeletons
  An iguana (D:6)
  2 orc wizards
  2 worker ants
  A worker ant zombie (D:5)
  3 adders
  2 howler monkey skeletons
  A shadow imp (D:6)
  An orc (D:5)
  A hobgoblin (D:5)
  2 quokkas
  2 quokka zombies
  A fungus (D:8)
41 creatures vanquished.

Vanquished Creatures (others)
  An ogre (D:8)
  An ancestor (D:6)
  2 hexers
  3 fungi (D:8)
7 creatures vanquished.

Grand Total: 245 creatures vanquished

Notes
Turn   | Place    | Note
-------+----------+-------------------------------------------
     0 | D:1      | JackS81 the Naga Venom Mage began the quest for the Orb.
     0 | D:1      | Reached XP level 1. HP: 15/15 MP: 3/3
   411 | D:1      | Reached XP level 2. HP: 22/22 MP: 0/5
   457 | D:1      | Reached skill level 5 in Poison Magic
   830 | D:1      | Reached XP level 3. HP: 24/28 MP: 0/6
  1214 | D:2      | Found a shadowy altar of Dithmenos.
  1549 | D:2      | Reached XP level 4. HP: 13/36 MP: 2/7
  1603 | D:2      | Noticed Sigmund
  1617 | D:2      | Noticed Jessica
  1630 | D:2      | Killed Jessica
  1767 | D:2      | Killed Sigmund
  1767 | D:2      | Reached XP level 5. HP: 28/42 MP: 1/8
  1767 | D:2      | Reached XP level 6. HP: 33/49 MP: 1/9
  1832 | D:2      | Learned a level 3 spell: Mephitic Cloud
  1839 | D:2      | Learned a level 4 spell: Olgreb's Toxic Radiance
  2366 | D:3      | Found a blossoming altar of Fedhas.
  2950 | D:3      | Found a hazy altar of Hepliaklqana.
  2959 | D:3      | Became a worshipper of Hepliaklqana the Forgotten
  3152 | D:3      | Noticed Terence
  3167 | D:3      | Killed Terence
  3380 | D:4      | Reached XP level 7. HP: 49/49 MP: 10/10
  3518 | D:4      | Noticed smzp's ghost (amateur DsAK)
  3909 | D:5      | Entered Level 5 of the Dungeon
  4210 | D:5      | Reached * piety under Hepliaklqana
  4292 | D:5      | Found a staircase to the Ecumenical Temple.
  4304 | Temple   | Entered the Ecumenical Temple
  4507 | D:5      | Reached skill level 5 in Conjurations
  4608 | D:5      | Found Bekemoaq's Antique Weapon Boutique.
  4724 | D:5      | Reached XP level 8. HP: 51/55 MP: 11/11
  4733 | D:5      | Found a radiant altar of Vehumet.
  4798 | D:5      | Learned a level 2 spell: Shroud of Golubria
  4881 | D:5      | Found a deep blue altar of Sif Muna.
  4922 | D:5      | Reached skill level 1 in Invocations
  5042 | D:5      | Reached skill level 1 in Air Magic
  5279 | D:6      | Reached skill level 1 in Evocations
  5432 | D:6      | Found an opulent altar of Gozag.
  5447 | D:6      | Reached ** piety under Hepliaklqana
  5459 | D:6      | Remembered your ancestor Bozena as a hexer
  5809 | D:6      | Noticed Prince Ribbit
  5823 | D:6      | Killed Prince Ribbit
  5993 | D:7      | Noticed a hornet
  5999 | D:7      | Killed a hornet
  5999 | D:7      | Reached XP level 9. HP: 46/61 MP: 14/14
  6160 | D:7      | Reached skill level 5 in Spellcasting
  6422 | D:7      | Found Zorusaat's Armour Shoppe.
  6425 | D:7      | Bought a +2 leather armour of magic resistance for 247 gold pieces
  6468 | D:7      | Found a glowing silver altar of Zin.
  6546 | D:7      | Reached skill level 1 in Translocations
  6983 | D:7      | Reached skill level 1 in Armour
  6983 | D:7      | Reached XP level 10. HP: 65/67 MP: 18/18
  7360 | D:8      | Found an iron altar of Okawaru.
  7509 | D:8      | Found a staircase to the Lair.
  7594 | D:8      | Got a glittering sapphire amulet
  7596 | D:8      | Identified the amulet of the Genius {Gourm rF++ rC- MR++} (You found it on level 8 of the Dungeon)
  7636 | D:8      | Reached skill level 5 in Invocations
  7662 | D:8      | Found a white marble altar of Elyvilon.
  7663 | D:8      | Found a snail-covered altar of Cheibriados.
  7664 | D:8      | Found a basalt altar of Yredelemnul.
  8068 | D:8      | Found a sparkling altar of Nemelex Xobeh.
  8271 | D:9      | Reached *** piety under Hepliaklqana
  8312 | D:9      | Found a hide-covered altar of Uskayaw.
  8343 | D:9      | Found Lymamy's Magic Scroll Shoppe.
  8396 | D:9      | Found a staircase to the Orcish Mines.
  8570 | D:9      | Found an iron altar of Okawaru.
  8657 | D:9      | Found Sauhyir's Gadget Emporium.
  8717 | D:9      | Found a shattered altar of Ashenzari.
  9000 | Orc:1    | Entered Level 1 of the Orcish Mines
  9000 | Orc:1    | Found a burning altar of Makhleb.
  9012 | Orc:1    | Reached XP level 11. HP: 48/72 MP: 15/22
  9159 | Orc:1    | Noticed an orc knight
  9161 | Orc:1    | Noticed an orc knight
  9189 | Orc:1    | Slain by an orc warrior

Vault maps used:
D:1:      minmay_arrival_shattered_statue, corexii_hall_statues_s
D:2:      nicolae_dithmenos_shadow_blocks, uniq_sigmund, uniq_jessica
D:3:      lemuel_crystal_altar, fedhas_altar_1, uniq_terence
D:4:      minmay_misc_feat_rows
D:5:      vehumet_altar_wand_db, lemuel_crystal_altar,
          minmay_temple_entry_crystal_x, serial_shops, shop, first_bread
D:6:      grunt_gozag_statues, enter_ossuary_1, uniq_prince_ribbit1
D:7:      marbit_many_paths, serial_shops, kennysheep_mini
D:8:      lemuel_coloured_pillars_altar, grunt_temple_overflow_open,
          due_lair_maze_entry_diamond, grunt_ogre_cave, st_stairs_5,
          okawaru_humans
D:9:      nicolae_overflow_crystal_walls, ashenzari_altar_1,
          kennysheep_little_box, orc_0_dummy, serial_shops, shop,
          kennysheep_small_circle
Temple:   nicolae_temple_figure_zero
Orc:1:    cheibrodos_orc_arena, basic_altar

Skill      XL: |  1  2  3  4  5  6  7  8  9 10 |
---------------+-------------------------------+-----
Poison Magic   | 5 7 8 9 |  9.7
Conjurations   | 3 4 5 7 8 9 |  9.5
Invocations    | 2 4 5 |  5.9
Air Magic      | 1 2 |  2.0
Evocations     | 2 |  2.9
Spellcasting   | 3 5 7 |  7.8
Translocations | 1 3 |  3.8
Armour         | 1 2 |  2.9
Maces & Flails | |  0.2
Staves         | |  0.2
Dodging        | |  1.5
Stealth        | |  3.0
Charms         | |  0.2

Action                   |  1- 3 |  4- 6 |  7- 9 | 10-12 || total
-------------------------+-------+-------+-------+-------++-------
Melee: Unarmed           |    10 |       |       |       ||    10
       Club              |    30 |    12 |       |       ||    42
       Staff             |       |    12 |    99 |    57 ||   168
       Short sword       |       |       |       |     1 ||     1
Throw: Stone             |     6 |       |     1 |       ||     7
 Cast: Sting             |    65 |    78 |   134 |   103 ||   380
       Mephitic Cloud    |       |     6 |    20 |    22 ||    48
       Olgreb's Toxic Ra |       |     3 |    23 |    31 ||    57
       Shroud of Golubri |       |       |     1 |     1 ||     2
Invok: Recall Ancestor   |       |       |     3 |       ||     3
       Ancestor Identity |       |       |     1 |       ||     1
       Ancestor Life: He |       |       |     1 |       ||     1
 Abil: Spit Poison       |       |     1 |       |       ||     1
Evoke: Wand              |       |       |     9 |     2 ||    11
  Use: Scroll            |       |       |    15 |    10 ||    25
       Potion            |       |       |     1 |     7 ||     8
 Stab: Confused          |       |       |     1 |     1 ||     2
       Distracted        |       |       |     1 |       ||     1
  Eat: Chunk             |     2 |     7 |    12 |    28 ||    49
       Meat ration       |       |       |     1 |       ||     1
Armor: Robe              |     9 |    30 |    61 |       ||   100
       Leather armour    |       |       |     5 |    57 ||    62
Dodge: Dodged            |    20 |    35 |    68 |    39 ||   162
       Deflected         |       |       |     5 |     2 ||     7

Table legend:
 A = Spawn XP
 B = Non-spawn XP
 C = Spawn XP percentage of total XP
 D = Spawn monster count
 E = Non-spawn monster count
 F = Spawn count percentage of total count
 G = Total turns spent on level
                    A         B        C        D         E        F      G
               +---------+---------+-------+---------+---------+-------+---------
         Total |    1360 |    8913 |  13.2 |      44 |     193 |  18.6 |  9189
               +---------+---------+-------+---------+---------+-------+---------
           D:1 |      12 |      30 |  28.6 |       5 |      19 |  20.8 |  1105
           D:2 |      20 |     296 |   6.3 |       4 |      14 |  22.2 |  1167
           D:3 |       7 |     139 |   4.8 |       5 |      20 |  20.0 |  1185
           D:4 |       0 |     332 |   0.0 |       0 |      11 |   0.0 |   452
           D:5 |     250 |     453 |  35.6 |       9 |      17 |  34.6 |  1114
           D:6 |      22 |     771 |   2.8 |       2 |      13 |  13.3 |   885
           D:7 |     366 |    2432 |  13.1 |       8 |      43 |  15.7 |  1207
           D:8 |     372 |    2391 |  13.5 |       6 |      23 |  20.7 |   985
           D:9 |     311 |     473 |  39.7 |       5 |      10 |  33.3 |   782
         Orc:1 |       0 |    1596 |   0.0 |       0 |      23 |   0.0 |   189
               +---------+---------+-------+---------+---------+-------+---------
